 Dungeon Crawl Stone Soup version bcrawl-1.32 (webtiles) character file.

Game seed: 4534267687724668264

149783 Morbidden the Ducker (level 5, -8/42 HPs)
             Began as a Hill Orc Archaeologist on June 25, 2021.
             Mangled by an ogre
             ... wielding a +0 giant club
              (13 damage)
             ... on level 3 of the Dungeon.
             The game lasted 00:03:30 (2681 turns).

Morbidden the Ducker (Hill Orc Archaeologist)       Turns: 2681, Time: 00:03:31

Health: -8/42      AC: 21    Str: 15    XL:     5   Next: 68%
Magic:  5/5        EV:  4    Int: 14    God:
Gold:   97         SH:  8    Dex:  9    Spells: 4/4 levels left

rFire    . . .     SeeInvis .   a - +2 mace (protect)
rCold    . . .     Gourm    .   h - +1 medium shield {AC+3}
rNeg     . . .     Faith    .   u - +0 scale mail
rPois    .         Spirit   .   w - +0 helmet
rElec    .         Reflect  .   o - +0 cloak
rCorr    .         Harm     .   k - +0 pair of gloves
MR       .....                  j - +1 pair of boots
Stlth    +.........             (no amulet)
HPRegen  0.14/turn              (no ring)
MPRegen  0.09/turn              (no ring)

@: protection aura
A: no striking features
a: no special abilities


You were on level 3 of the Dungeon.
You were not hungry.

You visited 1 branch of the dungeon, and saw 3 of its levels.

You collected 97 gold pieces.

Inventory:

Hand Weapons
 a - a +2 mace of protection (weapon)
 b - a +0 blowgun
Missiles
 f - 6 curare-tipped needles
 v - 16 poisoned needles
Armour
 h - a +1 medium shield of protection (worn)
 j - a +1 pair of boots (worn)
 k - a +0 pair of gloves (worn)
 o - a +0 cloak (worn)
 u - a +0 scale mail (worn)
 w - a +0 helmet (worn)
Jewellery
 r - a +4 ring of protection
Scrolls
 d - a scroll of enchant weapon {unknown}
 g - a scroll of magic mapping
 i - a scroll of identify
 l - a scroll of immolation {unknown}
 m - 2 scrolls of teleportation {unknown}
 q - 2 scrolls of fear {unknown}
Potions
 n - a potion of agility
 p - a potion of magic {unknown}
 s - a potion of heal wounds {unknown}
 t - a potion of brilliance {unknown}
Comestibles
 c - 5 chunks of flesh
 e - 2 rations {!d}


   Skills:
 * Level 2.3 Fighting
   Level 2.3 Short Blades
   Level 2.3 Long Blades
   Level 2.3 Axes
   Level 2.3 Maces & Flails
   Level 2.3 Polearms
   Level 2.3 Staves
 + Level 0.6 Armour
 * Level 4.2 Dodging
 + Level 3.2 Stealth
 + Level 0.5 Shields
   Level 2.3 Unarmed Combat


You had 4 spell levels left.
You didn't know any spells.
Your spell library was empty.

Dungeon Overview and Level Annotations

Branches:
Dungeon (3/12)

Altars:

Annotations:
D:2 1 runed door
D:3 Terence


Message History

You are too injured to fight recklessly!
You are too injured to fight recklessly!
You are too injured to fight recklessly!
You are too injured to fight recklessly!
You are too injured to fight recklessly!
You are too injured to fight recklessly!
You are too injured to fight recklessly!
You are too injured to fight recklessly!
You closely miss the ogre.
The ogre is heavily wounded.
The ogre hits you with a +0 giant club!
* * * LOW HITPOINT WARNING * * *
You hit the ogre.
The ogre is heavily wounded.
The ogre hits you with a +0 giant club.
* * * LOW HITPOINT WARNING * * *
Your shield prevents you from hitting the ogre.
The ogre is heavily wounded.
The ogre hits you with a +0 giant club!
You die...

.........#.........
#........#......... .
#........#.........
.$#........#.###.....
⌠#........#.###.....
#.......†..........
#...#.)$.........#.
##......#.........#
#.....@.#.........#
...#..O..#.........#
###....##.........#
#.................#
#.................
#......<#.......
#.......#.#.###
#.......# # #
#......##


You could see an ogre.

Vanquished Creatures
  A jelly (D:3)
  An orc priest (D:2)
  Robin (D:3)
  An ooze (D:1)
  2 worms (D:2)
  3 dart slugs
  6 leopard geckos
  7 orcs
  9 bats
  4 giant cockroaches
  10 hobgoblins
  6 jackals (D:2)
  5 quokkas (D:2)
  2 ball pythons (D:2)
  3 frilled lizards
  16 goblins
  A kobold (D:2)
  5 rats
83 creatures vanquished.

Notes
Turn   | Place    | Note
-------+----------+-------------------------------------------
     0 | D:1      | Morbidden the Hill Orc Archaeologist began the quest for
                  | the Orb.
     0 | D:1      | Reached XP level 1. HP: 16/16 MP: 1/1
   120 | D:1      | Reached XP level 2. HP: 16/23 MP: 2/2
   604 | D:1      | Reached skill level 3 in Dodging
   624 | D:1      | Reached XP level 3. HP: 13/28 MP: 3/3
  1380 | D:2      | Reached XP level 4. HP: 35/35 MP: 4/4
  1786 | D:2      | Found a runed door.
  2058 | D:3      | Noticed Robin
  2094 | D:2      | Reached XP level 5. HP: 36/41 MP: 5/5
  2094 | D:2      | Identified a scroll of acquirement
  2103 | D:2      | Identified the ring "Paxel" {*Contam +Blink +Fly Str+8
                  | Stlth-} (You acquired it on level 2 of the Dungeon)
  2141 | D:3      | Noticed Terence
  2144 | D:3      | Reached skill level 4 in Dodging
  2147 | D:3      | Noticed an ogre
  2299 | D:3      | Killed Robin
  2388 | D:2      | HP: 2/41 [dart slug (2)]
  2681 | D:3      | Mangled by an ogre

Skill      XL: |  1  2  3  4  5 |
---------------+----------------+-----
Dodging        | 3 4 |  4.2
Stealth        | 3 |  3.2
Fighting       | 2 |  2.3
Short Blades   | |  2.3
Long Blades    | |  2.3
Axes           | |  2.3
Maces & Flails | |  2.3
Polearms       | |  2.3
Staves         | |  2.3
Armour         | |  0.6
Shields        | |  0.5
Unarmed Combat | |  2.3

Action                   |  1- 3 |  4- 6 || total
-------------------------+-------+-------++-------
Melee: Dagger            |    96 |       ||    96
       Whip              |    16 |       ||    16
       Mace              |    70 |   191 ||   261
  Use: Scroll            |     1 |     1 ||     2
 Stab: Sleeping          |     2 |       ||     2
  Eat: Chunk             |     7 |    11 ||    18
Armor: Robe              |    73 |    34 ||   107
       Scale mail        |       |   108 ||   108
Dodge: Dodged            |   133 |   100 ||   233
Block: Medium shield     |       |    72 ||    72
